 Dungeon Crawl Stone Soup version 0.20-a0-217-g17e8ceb (webtiles) character file.

1199 Gorice the Quickloader (level 8, -2/73 HPs)
             Began as a Kobold Arcane Marksman on Nov 27, 2016.
             Slain by Duvessa
             ... wielding a +0 rapier
              (13 damage)
             ... on level 5 of the Dungeon on Nov 28, 2016.
             The game lasted 00:24:56 (6581 turns).

Gorice the Quickloader (Kobold Arcane Marksman)     Turns: 6581, Time: 00:24:56

Health: -2/73      AC: 24    Str: 11    XL:     8   Next: 72%
Magic:  9/9        EV:  3    Int: 14    God:
Gold:   248        SH:  0    Dex: 14    Spells: 6/9 levels left

rFire  . . .     SeeInvis .     A - +2 flail (crush)
rCold  . . .     Gourm    .     (armour currently unavailable)
rNeg   + + +     Faith    .     (shield restricted)
rPois  +         Spirit   .     (helmet currently unavailable)
rElec  .         Reflect  .     (cloak currently unavailable)
rCorr  .         Harm     .     (gloves currently unavailable)
MR     .....     NoTele   +     (boots currently unavailable)
Stlth  ++........               (no amulet)
                                (no ring)
                                n - ring of stealth

@: tree-form (expiring)
A: carnivore 3
a: no special abilities


You were on level 5 of the Dungeon.
You were very full.
You were a tree.
You visited 1 branch of the dungeon, and saw 5 of its levels.

You collected 248 gold pieces.

Inventory:

Hand Weapons
 a - a +1 dagger of venom
   (You took it off an orc wizard on level 4 of the Dungeon)
 b - a +0 hand crossbow
 h - a +0 dagger
 k - a +0 short sword
 A - a +2 flail of crushing (weapon)
   (You took it off an orc on level 3 of the Dungeon)
 F - a +1 dagger of protection
   (You took it off an orc priest on level 4 of the Dungeon)
Missiles
 p - 3 tomahawks (quivered)
 E - 10 bolts
 Z - 214 stones
Armour
 e - a +0 robe (melded)
 y - a +0 cloak (melded)
 D - a +0 scale mail
 G - a +2 pair of gloves (melded)
 H - a +3 chain mail
Jewellery
 j - an uncursed ring of ice
 n - a ring of stealth (left branch)
Wands
 x - a wand of digging (10/24)
Scrolls
 d - a scroll of vulnerability {unknown}
 i - a scroll of remove curse
 m - a scroll of summoning {unknown}
 t - a scroll of amnesia
Potions
 g - a potion of mutation {unknown}
 l - a potion of cure mutation {unknown}
 o - a potion of cancellation {unknown}
 q - a potion of brilliance {unknown}
 r - a potion of degeneration {unknown}
 u - a potion of ambrosia {unknown}
 w - a potion of lignification {!q}
 z - a potion of haste {unknown}
 B - a potion of curing {unknown}
 C - a potion of berserk rage {unknown}
Books
 c - a book of Debilitation
Comestibles
 f - 3 meat rations {!e}
 s - a slice of pizza
 v - 3 beef jerkies


   Skills:
 * Level 5.0 Fighting
 - Level 10.0 Crossbows
 + Level 4.3 Dodging
 - Level 1.1 Spellcasting
 - Level 3.0 Hexes


You had 6 spell levels left.
You knew the following spells:

 Your Spells              Type           Power        Failure   Level  Hunger
a - Corona                Hex            #......      10%         1    ##.....
b - Slow                  Hex            #.......     14%         2    ###....


Dungeon Overview and Level Annotations

Branches:
Dungeon (5/15)
 Temple: D:4-7

Altars:
Cheibriados
Dithmenos
Vehumet

Shops:
D:4 (

Annotations:
D:5 Duvessa


Innate Abilities, Weirdness & Mutations

You are small and have problems with some larger weapons.
You are carnivorous and can eat meat at any time.


Message History

* * * LOW HITPOINT WARNING * * *
Duvessa barely misses you.
Damage: 2 (max 10) Unknown command.
You barely miss Duvessa.
Duvessa is moderately wounded.
Duvessa looks more healthy.
Duvessa hits you but does no damage. x2
Unknown command.
You hit Duvessa.
Duvessa is moderately wounded.
Duvessa hits you but does no damage. x2
Unknown command.
You hit Duvessa.
Duvessa is moderately wounded.
Duvessa hits you with a rapier.
* * * LOW HITPOINT WARNING * * *
Duvessa hits you with a rapier.
* * * LOW HITPOINT WARNING * * *
Damage: 2 (max 10)
You hit Duvessa.
Duvessa is moderately wounded.
Duvessa barely misses you. Duvessa hits you with a rapier.
* * * LOW HITPOINT WARNING * * *
Damage: 1 (max 10) Unknown command.
You sock Duvessa!
Duvessa is heavily wounded.
Duvessa hits you but does no damage.
Unknown command.
You barely miss Duvessa.
Duvessa is heavily wounded.
Duvessa hits you but does no damage. x2
Unknown command.
You closely miss Duvessa.
Duvessa is heavily wounded.
Duvessa hits you with a rapier.
* * * LOW HITPOINT WARNING * * *
Duvessa hits you with a rapier!
* * * LOW HITPOINT WARNING * * *
Unknown command.
Damage: 16 (max 16)
You closely miss Duvessa.
Duvessa is heavily wounded.
Your transformation is almost over.
Duvessa hits you but does no damage. x2
Unknown command.
You barely miss Duvessa.
Duvessa is heavily wounded.
Duvessa hits you with a rapier!
You die...

#################
#......##.......#
#.####.##.#####.#######
#.####.##.#####.#.....#
#.#...)......##.#.###.#
#.#.##e##.##........#.#
#.#.##♣##.#####.#.#.#.#
#......##.......#....(#
######.###############.###
#......## #####e###
###..8.8..# #.......#
#.........# #.###e#.#
#....P88..# #. #..#.#
#.......#.# #.##.##.#
###...###.# #.......#


You could see Duvessa (berserk).

Vanquished Creatures
  A black bear (D:4)
  2 ogres
  Dowan (D:5)
  2 bullfrog zombies (D:5)
  2 centaur zombies (D:5)
  2 centaur skeletons
  Crazy Yiuf (D:3)
  2 hounds
  4 orc priests
  A bullfrog skeleton (D:5)
  Ijyb (D:3)
  4 orc wizards
  2 worker ants (D:4)
  A killer bee zombie (D:5)
  A hound zombie (D:5)
  A hound skeleton (D:5)
  4 gnolls
  9 adders
  A shadow imp (D:4)
  An ooze (D:3)
  An adder skeleton (D:4)
  An adder zombie (D:5)
  2 worms (D:4)
  4 dart slugs
  4 leopard geckos
  13 orcs
  2 ball pythons (D:2)
  6 bats
  6 giant cockroaches
  3 goblins
  A hobgoblin (D:1)
  3 jackals (D:3)
  9 kobolds
  A quokka (D:4)
  5 frilled lizards
  2 jackal zombies (D:5)
  3 leopard gecko skeletons (D:4)
  2 quokka zombies (D:5)
  10 rats
121 creatures vanquished.

Vanquished Creatures (others)
  A withered plant (D:5)
1 creature vanquished.

Grand Total: 122 creatures vanquished

Notes
Turn   | Place    | Note
-------+----------+-------------------------------------------
     0 | D:1      | Gorice the Kobold Arcane Marksman began the quest for the Orb.
     0 | D:1      | Reached XP level 1. HP: 12/12 MP: 2/2
    85 | D:1      | Reached skill level 3 in Crossbows
   130 | D:1      | Reached XP level 2. HP: 10/16 MP: 1/3
   405 | D:1      | Reached XP level 3. HP: 18/20 MP: 4/4
   410 | D:1      | Reached skill level 4 in Crossbows
  1057 | D:2      | Reached XP level 4. HP: 25/25 MP: 5/5
  1124 | D:2      | Reached skill level 5 in Crossbows
  1383 | D:3      | Noticed Ijyb
  1394 | D:3      | Killed Ijyb
  1394 | D:3      | Reached XP level 5. HP: 21/29 MP: 6/6
  1537 | D:3      | Found a radiant altar of Vehumet.
  1644 | D:3      | Reached skill level 6 in Crossbows
  1759 | D:3      | Found a runed door.
  1835 | D:3      | Noticed Crazy Yiuf
  1843 | D:3      | HP: 7/29 [Crazy Yiuf/quarterstaff of chaos (13)]
  1844 | D:3      | Killed Crazy Yiuf
  2548 | D:4      | Noticed an ogre
  2616 | D:3      | Reached skill level 7 in Crossbows
  2616 | D:3      | Reached XP level 6. HP: 31/34 MP: 7/7
  2699 | D:4      | Learned a level 2 spell: Slow
  2959 | D:4      | Found a shadowy altar of Dithmenos.
  2998 | D:4      | Killed an ogre
  2998 | D:4      | Reached skill level 8 in Crossbows
  3085 | D:4      | Reached XP level 7. HP: 38/38 MP: 8/8
  3159 | D:4      | Found a snail-covered altar of Cheibriados.
  3300 | D:4      | Reached skill level 9 in Crossbows
  3300 | D:4      | HP: 7/38 [orc/hand axe (8)]
  3691 | D:4      | Upgraded the game from 0.20-a0-214-gb74cb0e to 0.20-a0-217-g17e8ceb
  3722 | D:4      | Found Cobull's Antique Weapon Emporium.
  3914 | D:5      | Entered Level 5 of the Dungeon
  4132 | D:5      | HP: 3/38 [orc wizard/magic dart (10)]
  4327 | D:4      | HP: 10/38 [worm (4)]
  4663 | D:5      | Reached skill level 10 in Crossbows
  4711 | D:5      | Reached XP level 8. HP: 40/43 MP: 9/9
  4719 | D:5      | Noticed Duvessa
  4721 | D:5      | Noticed Dowan
  4951 | D:4      | HP: 13/44 [poisoned by an orc wizard]
  4958 | D:4      | HP: 12/44 [poisoned by an orc wizard]
  4966 | D:4      | HP: 11/44 [poisoned by an orc wizard]
  5241 | D:4      | HP: 12/44 [black bear (11)]
  5242 | D:4      | Reached skill level 2 in Fighting
  5242 | D:4      | Reached skill level 3 in Dodging
  5542 | D:4      | Reached skill level 3 in Fighting
  5818 | D:5      | Reached skill level 4 in Fighting
  6293 | D:5      | Reached skill level 4 in Dodging
  6571 | D:5      | Killed Dowan
  6571 | D:5      | Reached skill level 5 in Fighting
  6579 | D:5      | HP: 21/73 [Duvessa/rapier (6)]
  6581 | D:5      | Slain by Duvessa

Vault maps used:
D:1:      dpeg_arrival_prison, corner_web_ring
D:2:      first_bread
D:3:      lemuel_crystal_altar, uniq_crazy_yiuf_cottage, uniq_iyjb
D:4:      nicolae_dithmenos_shadow_blocks, kennysheep_slug_shrine, serial_shops,
          shop
D:5:      serial_undead, serial_undead_a, serial_undead_c, serial_undead_e,
          serial_undead_f, serial_undead_f, serial_undead_c, serial_undead_e,
          serial_undead_d, uniq_duvessa

Skill      XL: |  1  2  3  4  5  6  7  8 |
---------------+-------------------------+-----
Crossbows      | 3 4 5 7 8 10 | 10.0
Fighting       | 5 |  5.0
Dodging        | 4 |  4.3
Spellcasting   | |  1.1
Hexes          | |  3.0

Action                   |  1- 3 |  4- 6 |  7- 9 || total
-------------------------+-------+-------+-------++-------
Melee: Hand crossbow     |    12 |       |       ||    12
       Flail             |       |       |   112 ||   112
       Dagger            |       |       |    42 ||    42
 Fire: Hand crossbow     |    71 |   115 |    94 ||   280
Throw: Tomahawk          |       |       |     9 ||     9
       Throwing net      |       |       |     1 ||     1
 Cast: Corona            |     1 |       |     5 ||     6
       Slow              |       |     2 |     1 ||     3
  Use: Scroll            |       |     5 |     3 ||     8
       Potion            |       |       |     2 ||     2
 Stab: Sleeping          |     1 |       |     1 ||     2
  Eat: Chunk             |     9 |     5 |    10 ||    24
Armor: Robe              |     4 |     4 |    48 ||    56
       Skin              |       |       |    13 ||    13
Dodge: Dodged            |    37 |    37 |   165 ||   239

Table legend:
 A = Turns spent in this place as a percentage of turns spent in the entire game.
 B = Non-inter-level travel turns spent in this place as a percentage of non-inter-level travel turns spent in the entire game.
 C = Inter-level travel turns spent in this place as a percentage of turns spent in this place.
 D = Turns resting spent in this place as a percentage of non-inter-level travel turns spent in this place.
 E = Turns spent auto-exploring this place as a percentage of non-inter-level travel turns spent in this place.
 F = Non-inter-level travel turns spent in this place divided by the number of levels of this place that you've seen.
                   A       B       C       D       E      F
               +-------+-------+-------+-------+-------+----------------------
         Total | 100.0 | 100.0 |   0.4 |   2.9 |   4.3 | 441.8
       Dungeon | 100.0 | 100.0 |   0.4 |   2.9 |   4.3 | 441.8
               +-------+-------+-------+-------+-------+----------------------

Vault maps used:
D:1:      dpeg_arrival_prison, corner_web_ring
D:2:      first_bread
D:3:      lemuel_crystal_altar, uniq_crazy_yiuf_cottage, uniq_iyjb
D:4:      nicolae_dithmenos_shadow_blocks, kennysheep_slug_shrine, serial_shops,
          shop
D:5:      serial_undead, serial_undead_a, serial_undead_c, serial_undead_e,
          serial_undead_f, serial_undead_f, serial_undead_c, serial_undead_e,
          serial_undead_d, uniq_duvessa
